 Dungeon Crawl Stone Soup version 0.30-a0-652-gcc886f7154 (webtiles) character file.

Game seed: 4430644870291867987

8 Leeroy the Slasher (level 2, 0/17 HPs)
             Began as a Tengu Warper on Jan 17, 2023.
             Succumbed to a kobold's poison
             ... on level 1 of the Dungeon.
             The game lasted 00:00:20 (87 turns).

Leeroy the Slasher (Tengu Warper)                     Turns: 87, Time: 00:00:21

Health: 0/17       AC:  3    Str: 11    XL:     2   Next: 8%
Magic:  6/6        EV: 11    Int: 13    God:
Gold:   14         SH:  0    Dex: 13    Spells: 5/5 levels left

rFire   . . .      SeeInvis .    a - +0 falchion
rCold   . . .      Faith    .    (no shield)
rNeg    . . .      Spirit   .    b - +0 leather armour
rPois   .          Reflect  .    (helmet restricted)
rElec   .          Harm     .    (no cloak)
rCorr   .          Rampage  .    (no gloves)
Will    .....                    (boots unavailable)
Stlth   +                        (no amulet)
HPRegen 0.22/turn                (no ring)
MPRegen 0.10/turn                (no ring)

@: lethally poisoned (0 -> -10)
A: beak, talons 3
a: no special abilities


You were on level 1 of the Dungeon.
You visited 1 branch of the dungeon, and saw 1 of its levels.

You collected 14 gold pieces.

Inventory:

Hand Weapons
 a - a +0 falchion (weapon)
Missiles
 d - 7 boomerangs of dispersal (quivered)
Armour
 b - a +0 leather armour (worn)
Scrolls
 c - a scroll of blinking
 e - a scroll of identify {unknown}
 f - a scroll of fear {unknown}
 g - a scroll of immolation


   Skills:
 - Level 2.0 Fighting
 + Level 3.1 Long Blades
 - Level 1.0 Throwing
 - Level 1.1 Armour
 - Level 2.1 Dodging
 - Level 2.0 Spellcasting
 - Level 2.4 Translocations


You had 5 spell levels left.
You didn't know any spells.
Your spell library contained the following spells:

 Spells                   Type           Power      Damage    Failure   Level
 Blink                    Tloc           14%        N/A       19%         2
 Lesser Beckoning         Tloc           14%        N/A       19%         2
 Teleport Other           Tloc           7%         N/A       36%         3
 Vhi's Electric Charge    Tloc/Air       8%         N/A       52%         3
 Manifold Assault         Tloc           7%         N/A       77%         4


Dungeon Overview and Level Annotations

Branches:
Dungeon (1/15)

Altars:


Innate Abilities, Weirdness & Mutations

You have a beak for a mouth.
You have claws for feet.


Message History

You kill the dart slug!
Your Long Blades skill increases to level 3!
You have reached level 2!
There is a faded altar of an unknown god here.
You see here a scroll of immolation.
g - a scroll of immolation
Okay, then.
HP restored.
Found 6 stones.
A kobold comes into view. It is wielding a +0 dagger of venom.
Found a scroll labelled ROIPPA CYCVYO.
The kobold shouts!
A kobold is nearby!
Found 10 gold pieces.
Found a gold piece.
The kobold hits you with a +0 dagger of venom.
You are poisoned.
You closely miss the kobold.
You feel very sick. The kobold closely misses you.
You closely miss the kobold. You claw the kobold.
The kobold is moderately wounded.
You feel very sick. The kobold hits you but does no damage.
You are lethally poisoned!
You hit the kobold.
You kill the kobold!
* * * LOW HITPOINT WARNING * * *
You feel very sick.
You are too injured to fight recklessly!
You are too injured to fight recklessly!
You are too injured to fight recklessly!
You are too injured to fight recklessly!
There is a lethal amount of poison in your body!
You aren't carrying any potions.
Okay, then.
* * * LOW HITPOINT WARNING * * *
You feel very sick.
You see here a +0 dagger of venom.
You die...

#...#..#..#..†.#####..
##...#.#..##..#.###
#....#.........†#..
##.....#....#.#..#.#
#.....#...##....#.#.#
#.##..............#.#
#......#.######..#
.##........### #.##
...$...@)....# #.#
....(........# #.#
..............# #.## #
##.?..........# #..##
## #............#
#...###P
#..$.........#
#....##.
#..........$.#
#.#.....
#............#
#.#..... #.##...P


There were no monsters in sight!

Vanquished Creatures
  A dart slug (D:1)
  A bat (D:1)
  An endoplasm (D:1)
  A hobgoblin (D:1)
  A ball python (D:1)
  A kobold (D:1)
6 creatures vanquished.

Notes
Turn   | Place    | Note
-------+----------+-------------------------------------------
     0 | D:1      | Leeroy the Tengu Warper began the quest for the Orb.
     0 | D:1      | Reached XP level 1. HP: 12/12 MP: 4/4
    44 | D:1      | Found a faded altar of an unknown god.
    64 | D:1      | Reached skill level 3 in Long Blades
    64 | D:1      | Reached XP level 2. HP: 14/17 MP: 6/6
    87 | D:1      | Succumbed to a kobold's poison

Illustrated notes

Levels and vault maps discovered:
D:1:      lemuel_arrival_muddy, layout_basic, hellmonk_ecumenical_altar_blasted

Skill      XL: |  1 |
---------------+----+-----
Long Blades    | 3 |  3.1
Fighting       | |  2.0
Throwing       | |  1.0
Armour         | |  1.1
Dodging        | |  2.1
Spellcasting   | |  2.0
Translocations | |  2.4

Action                   || total
-------------------------++-------
Melee: Falchion          ||    13
       Peck              ||     2
       Kick              ||     2
Armor: Leather armour    ||     2
Dodge: Dodged            ||     8

Table legend: (Time is in decaauts)
 A = Elapsed time spent in this place.
 B = Non-inter-level travel time spent in this place.
 C = Inter-level travel time spent in this place.
 D = Time resting spent in this place.
 E = Time spent auto-exploring this place.
 F = Levels seen in this place.
 G = Mean time per level.
                   A        B        C        D        E       F      G
               +--------+--------+--------+--------+--------+-----+--------+
         Total |     89 |     89 |      0 |      0 |     51 |   1 |   89.0 |
       Dungeon |     89 |     89 |      0 |      0 |     51 |   1 |   89.0 |
               +--------+--------+--------+--------+--------+-----+--------+

Top non-repeatable levels by time:
     D:1: 89 daAuts
